 Dungeon Crawl Stone Soup version 0.27-a0-1154-gfdeffcb720 (webtiles) character file.

Game seed: 14635283919259834211

149 Whiskey the Magician (level 5, 0/39 HPs)
             Began as a Djinni Earth Elementalist on May 14, 2021.
             Killed from afar by an orc wizard (8 damage)
             ... with a magic dart
             ... on level 3 of the Dungeon.
             The game lasted 00:12:20 (6050 turns).

Whiskey the Magician (Djinni Earth Elementalist)    Turns: 6050, Time: 00:12:20

Health: 0/39       AC:  3    Str:  8    XL:     5   Next: 56%
Gold:   117        EV: 27    Int: 16    God:
                   SH:  0    Dex: 14

rFire    + + .     SeeInvis .   d - +0 dagger
rCold    x . .     Faith    .   (no shield)
rNeg     . . .     Spirit   .   c - +0 robe
rPois    ∞         Reflect  .   k - +0 helmet
rElec    .         Harm     .   (no cloak)
rCorr    .         Rampage  .   (no gloves)
Will     .....                  (boots unavailable)
Stlth    ++........             f - amulet of the acrobat
HPRegen  0.13/turn              (no ring)
MPRegen  0.00/turn              (no ring)

@: acrobatic, flying
A: sickness immunity, fire resistance 2, cold vulnerability 1, float, innate
caster, hp casting, extra vitality 1
a: no special abilities


You were on level 3 of the Dungeon.
You visited 1 branch of the dungeon, and saw 4 of its levels.

You collected 117 gold pieces.

Inventory:

Hand Weapons
 d - a +0 dagger (weapon)
   (You took it off a goblin on level 1 of the Dungeon)
 i - a +0 short sword
   (You took it off a kobold on level 1 of the Dungeon)
 s - a +0 hunting sling
   (You took it off a goblin on level 3 of the Dungeon)
 t - a +0 falchion
   (You took it off an orc on level 3 of the Dungeon)
Missiles
 b - 43 stones (quivered)
 e - a throwing net {=f, !d}
 o - 22 poisoned darts
Armour
 c - a +0 robe (worn)
 k - a +0 helmet (worn)
   (You found it on level 2 of the Dungeon)
Jewellery
 f - an amulet of the acrobat (around neck)
   (You found it on level 1 of the Dungeon)
 n - a ring of wizardry {Wiz+, !d}
   (You took it off a kobold on level 2 of the Dungeon)
Scrolls
 h - a scroll of teleportation {unknown}
 j - 6 scrolls of identify {unknown}
 p - a scroll of enchant weapon {unknown}
 q - a scroll of noise {unknown}
Potions
 a - 2 potions of attraction {unknown}
 g - 2 potions of brilliance {unknown}
 l - a potion of lignification {unknown}
 m - 3 potions of haste {unknown}
 r - a potion of heal wounds {unknown}


   Skills:
 + Level 2.7 Fighting
 - Level 2.1 Dodging
 + Level 2.7 Stealth
 + Level 3.3 Spellcasting


You couldn't memorise any spells.
You knew the following spells:

 Your Spells              Type           Power      Damage    Failure   Level
a - Sandblast             Erth           26%        2d8       4%          1
b - Ensorcelled Hibernat  Hex/Ice        26%        N/A       7%          2
c - Petrify               Tmut/Erth      13%        N/A       41%         4
w - Passwall              Tmut/Erth      10%        N/A       7%          2
x - Stone Arrow           Conj/Erth      26%        3d8       14%         3
z - Lee's Rapid Deconstr  Erth           6%         3d7*      77%         5
A - Animate Skeleton      Necr           26%        N/A       4%          1
Your spell library was empty.

Dungeon Overview and Level Annotations

Branches:
Dungeon (4/15)
 Temple: D:4-7

Altars:

Shops:
D:1 *


Innate Abilities, Weirdness & Mutations

You are immune to sickness and miasma.
You are immune to poison.
Your flesh is very heat resistant. (rF++)
You are vulnerable to cold. (rC-)
You float through the air rather than walking.
You learn spells naturally, not from books.
Your magical power is your life essence.
You have superior vitality. (+4 HP)


Message History

You can't see any susceptible monsters within range! (Use Z to cast anyway.)
You start resting.
Health restored: 39
Items here: )) [ †.
t - a +0 falchion
Okay, then.
You need no library to learn spells.
Okay, then.
There is a stone staircase leading down here.
You fly downwards.
The orc priest looks satisfied for a moment.
There is a stone staircase leading up here.
Aim: an orc priest, wielding a +0 dagger and wearing a +0 leather armour (chance to affect: 44%)
The orc priest resists with some effort.
You take 2 damage, and have 37/39 hp.
Aim: an orc priest, wielding a +0 dagger and wearing a +0 leather armour (chance to affect: 44%)
The orc priest looks drowsy...
You take 2 damage, and have 36/39 hp.
The helpless orc priest fails to defend itself.
You hit the orc priest.
The orc priest hits you but does no damage.
The spell is extremely dangerous to cast (43% risk of failure)!
Continue anyway?
Aim: an orc priest, wielding a +0 dagger and wearing a +0 leather armour (moderately wounded, chance to affect: 44%)
You miscast Petrify.
You are very lightly contaminated with residual magic.
Nothing appears to happen.
The orc priest calls down the wrath of Beogh upon you.
Beogh smites you!
You take 16 damage, and have 20/39 hp.
MASSIVE DAMAGE!!
You see here a ball python skeleton.
The orc priest miscasts a cantrip.
There is a stone staircase leading up here.
You fly upwards.
There is a stone staircase leading down here.
You start resting.
Your magical contamination has completely faded away.
You start resting.
Health restored: 39 You fly downwards.
There is a stone staircase leading up here.
A stone staircase leading up.
Unknown command.
You can't see any susceptible monsters within range! (Use Z to cast anyway.) Unknown command.
The spell is quite dangerous to cast (14% risk of failure)!
Continue anyway?
Aim: an orc wizard, wielding a +1 dagger of speed and wearing a +0 robe (60% to hit)
The stone arrow hits the orc wizard!
The orc wizard points at itself and mumbles some strange words.
The orc wizard flickers and vanishes!
Deactivating autopickup; reactivate with Ctrl-A.
You take 3 damage, and have 36/39 hp.
You can't see any susceptible monsters within range! (Use Z to cast anyway.) Unknown command.
Unknown command.
Okay, then.
A puff of flame appears from out of thin air!
The puff of flame misses you.
Aim: an orc priest, wielding a +0 dagger and wearing a +0 leather armour (chance to affect: 44%)
You miscast Ensorcelled Hibernation.
You are very lightly contaminated with residual magic.
Nothing appears to happen.
The orc priest mumbles some strange prayers to Beogh against you.
Beogh smites you!
You take 13 damage, and have 24/39 hp.
MASSIVE DAMAGE!!
Aim: an orc priest, wielding a +0 dagger and wearing a +0 leather armour (chance to affect: 44%) Nothing appears to happen.
You take 2 damage, and have 22/39 hp.
Aim: an orc priest, wielding a +0 dagger and wearing a +0 leather armour (chance to affect: 44%)
The orc priest looks drowsy...
You take 2 damage, and have 20/39 hp.
The helpless orc priest fails to defend itself.
You puncture the orc priest!
The orc priest hits you but does no damage.
You barely miss the orc priest. The orc priest closely misses you.
Something hits you.
You take 2 damage, and have 18/39 hp.
Aim: an orc priest, wielding a +0 dagger and wearing a +0 leather armour (heavily wounded, 79% to hit)
The blast of sand hits the orc priest!
You kill the orc priest!
b - 43 stones You hear some strange, mumbled words.
A magic dart appears from out of thin air!
The magic dart hits you.
* * * LOW HITPOINT WARNING * * *
You take 7 damage, and have 11/39 hp.
Something hits you.
* * * LOW HITPOINT WARNING * * *
Something hits you.
* * * LOW HITPOINT WARNING * * *
Your magical contamination has completely faded away.
You fly upwards.
Reactivating autopickup.
There is a stone staircase leading down here.
You take 3 damage, and have 8/39 hp.
Things that are here:
a +0 dagger; a +0 ring mail; an orc skeleton A magic dart appears from out of thin air!
Deactivating autopickup; reactivate with Ctrl-A.
The magic dart hits you!
You die...

#.##...≈≈≈≈≈
##########.###≈≈≈≈P≈≈
#..........# #≈≈≈≈≈≈≈
#.#######..####♣≈≈≈≈≈
#...#####..#...#≈≈≈≈P
#................≈≈≈≈
#...#####......###♣≈≈
#..#####.....### #♣≈
#...@.......## #.♣
##{#######.## ####.# #.#
#.# #..... #)# #.#
#.##.# ###># ##'##
#.##.. #...# ##...##
#.#### #.###
##.....###.###. ##.##
##.......#<.....
##...####....<.....###..


There were no monsters in sight!

Vanquished Creatures
  An orc priest (D:4)
  Terence (D:3)
  An adder (D:2)
  3 worms
  A dart slug (D:2)
  2 orcs (D:3)
  3 ball pythons
  6 endoplasms
  3 giant cockroaches
  5 goblins
  9 hobgoblins
  5 quokkas
  7 bats
  8 frilled lizards
  8 kobolds
  8 rats
71 creatures vanquished.

Vanquished Creatures (others)
  16 plants (D:3)
16 creatures vanquished.

Grand Total: 87 creatures vanquished

Notes
Turn   | Place    | Note
-------+----------+-------------------------------------------
     0 | D:1      | Whiskey the Djinni Earth Elementalist began the quest for
                  | the Orb.
     0 | D:1      | Reached XP level 1. HP: 15/15 MP: 0/0
   470 | D:1      | Found Neudut's General Store.
   528 | D:1      | Reached XP level 2. HP: 9/22 MP: 0/0
   737 | D:1      | Reached skill level 1 in Fighting
  1333 | D:1      | Reached XP level 3. HP: 27/27 MP: 0/0
  1333 | D:1      | Learned a level 1 spell: Animate Skeleton
  2520 | D:2      | Reached skill level 2 in Stealth
  2583 | D:2      | Reached skill level 2 in Fighting
  2583 | D:2      | Reached skill level 3 in Spellcasting
  2583 | D:2      | Reached XP level 4. HP: 21/33 MP: 0/0
  3251 | D:2      | HP: 7/33 [worm (4)]
  4064 | D:3      | Noticed Terence
  4314 | D:3      | You are sucked into a shaft and drop 1 floor!
  5027 | D:3      | Killed Terence
  5028 | D:3      | Reached XP level 5. HP: 30/39 MP: 0/0
  5028 | D:3      | Learned a level 2 spell: Ensorcelled Hibernation
  6044 | D:4      | HP: 8/39 [something (2)]
  6050 | D:3      | Killed from afar by an orc wizard

Illustrated notes

Levels and vault maps discovered:
D:1:      dpeg_arrival_long_road, layout_basic, serial_shops, shop
D:2:      layout_basic, kennysheep_generic_room_8
D:3:      layout_loops_corners, chequers_big_river, serial_bayou_lagoon_b,
          uniq_terence
D:4:      layout_cave_pools, nzn_overflow_gifts_of_might_and_magic,
          okawaru_trees_2, serial_shops, shop

Skill      XL: |  1  2  3 |
---------------+----------+-----
Fighting       | 1 2 |  2.7
Stealth        | 2 |  2.7
Spellcasting   | 3 |  3.3
Dodging        | |  2.1

Action                   |  1- 3 |  4- 6 || total
-------------------------+-------+-------++-------
Melee: Unarmed           |    14 |       ||    14
       Dagger            |    92 |   189 ||   281
 Cast: Sandblast         |    34 |    21 ||    55
       Petrify           |       |     1 ||     1
       Stone Arrow       |       |     4 ||     4
       Ensorcelled Hiber |       |     4 ||     4
 Stab: Sleeping          |     4 |     7 ||    11
       Petrified         |       |     9 ||     9
Armor: Robe              |    17 |    43 ||    60
Dodge: Dodged            |    76 |   112 ||   188

Table legend: (Time is in decaauts)
 A = Elapsed time spent in this place.
 B = Non-inter-level travel time spent in this place.
 C = Inter-level travel time spent in this place.
 D = Time resting spent in this place.
 E = Time spent auto-exploring this place.
 F = Levels seen in this place.
 G = Mean time per level.
                   A        B        C        D        E       F      G
               +--------+--------+--------+--------+--------+-----+--------+
         Total |   6055 |   5954 |    101 |    620 |   4545 |   4 | 1513.8 |
       Dungeon |   6055 |   5954 |    101 |    620 |   4545 |   4 | 1513.8 |
               +--------+--------+--------+--------+--------+-----+--------+

Top non-repeatable levels by time:
     D:1: 2450 daAuts
     D:2: 1789 daAuts
     D:3: 1758 daAuts
     D:4: 57 daAuts

Table legend:
 A = Kills in this place as a percentage of kills in entire the game.
 B = Kills by you in this place as a percentage of kills by you in the entire game.
 C = Kills by friends in this place as a percentage of kills by friends in the entire game.
 D = Other kills in this place as a percentage of other kills in the entire game.
 E = Experience gained in this place as a percentage of experience gained in the entire game.
 F = Experience gained in this place divided by the number of levels of this place that you have seen.
                   A       B       C       D       E      F
               +-------+-------+-------+-------+-------+----------------------
         Total | 100.0 | 100.0 |   N/A |   N/A | 100.0 |  53.2
       Dungeon | 100.0 | 100.0 |   N/A |   N/A | 100.0 |  53.2
               +-------+-------+-------+-------+-------+----------------------
